 Dungeon Crawl Stone Soup version 0.29-a0-885-gb26ba3297d (webtiles) character file.

Game seed: 17599097983810702418

97 funkygono the Digger (level 4, -2/24 HPs)
             Began as a Gargoyle Earth Elementalist on July 20, 2022.
             Killed from afar by an orc wizard (5 damage)
             ... with a magic dart
             ... on level 3 of the Dungeon.
             The game lasted 00:03:46 (2215 turns).

funkygono the Digger (Gargoyle Earth Elementalist)  Turns: 2215, Time: 00:03:46

Health: -2/24      AC: 10    Str: 12    XL:     4   Next: 68%
Magic:  6/8        EV: 12    Int: 17    God:
Gold:   107        SH:  0    Dex: 10    Spells: 3/9 levels left

rFire   . . .      SeeInvis .   r - +0 morningstar
rCold   . . .      Faith    .   (no shield)
rNeg    + . .      Spirit   .   a - +0 robe
rPois   ∞          Reflect  .   j - +0 hat
rElec   +          Harm     .   q - +0 cloak
rCorr   .          Rampage  .   (no gloves)
Will    .....                   (no boots)
Stlth   ++........              (no amulet)
HPRegen 0.08/turn               d - +4 ring of protection
MPRegen 0.11/turn               (no ring)

@: no status effects
A: sickness immunity, AC +3, negative energy resistance 1, electricity
resistance, torment resistance 1, petrification resistance
a: no special abilities


You were on level 3 of the Dungeon.
You visited 1 branch of the dungeon, and saw 3 of its levels.

You collected 107 gold pieces.

Inventory:

Hand Weapons
 r - a +0 morningstar (weapon)
 u - a +4 quarterstaff
Armour
 a - a +0 robe (worn)
 j - a +0 hat (worn)
 q - a +0 cloak (worn)
 s - a +0 leather armour
Jewellery
 d - a +4 ring of protection (left hand)
Wands
 l - a wand of mindburst (6)
 t - a wand of roots (10)
Scrolls
 c - a scroll of identify {unknown}
 g - 2 scrolls of magic mapping {unknown}
 h - a scroll of vulnerability {unknown}
 k - a scroll of immolation {unknown}
 o - a scroll of teleportation {unknown}
 v - a scroll of fear {unknown}
Potions
 b - a potion of magic
 e - a potion of brilliance {unknown}
 f - a potion of lignification {unknown}
 i - a potion of mutation {unknown}
 m - a potion of might {unknown}
 n - 2 potions of heal wounds {unknown}
 p - a potion of berserk rage {unknown}


   Skills:
 + Level 0.4 Fighting
 + Level 0.6 Maces & Flails
 + Level 1.7 Dodging
 - Level 2.1 Stealth
 + Level 3.2 Spellcasting
 + Level 1.0 Transmutations
 + Level 4.8 Earth Magic


You had 3 spell levels left.
You knew the following spells:

 Your Spells              Type           Power      Damage    Failure   Level
a - Sandblast             Erth           38%        2d10      2%          1
b - Passwall              Tmut/Erth      10%        N/A       8%          2
c - Stone Arrow           Conj/Erth      22%        3d8       19%         3

Your spell library contained the following spells:

 Spells                   Type           Power      Damage    Failure   Level
 Magic Dart               Conj           8%         1d3       17%         1
 Searing Ray              Conj           4%         2d4       26%         2
 Petrify                  Tmut/Erth      12%        N/A       45%         4
 Fulminant Prism          Conj/Hex       1%         3d6       86%         4
 Freezing Cloud           Conj/Ice/Air   1%         6-21      99%         5
 Simulacrum               Ice/Necr       1%         N/A       100%        6
 Polar Vortex             Ice            1%         N/A       100%        9


Dungeon Overview and Level Annotations

Branches:
Dungeon (3/15)

Altars:


Innate Abilities, Weirdness & Mutations

You are immune to sickness and miasma.
Your stone body is resilient. (AC +3)
You are immune to poison.
You resist negative energy. (rN+)
You are resistant to electric shocks. (rElec)
You are resistant to unholy torment.
You are immune to petrification.


Message History

You miss something.
You hear some strange, mumbled words.
Something tries to affect you, but you resist.
You miss something. Something hits you. Something hits you but does no damage.
You barely miss something.
You hear some strange, mumbled words.
You are confused.
Something hits you.
You bump into the rock wall.
You see here a +0 spear.
You bump into the rock wall.
Something hits you.
You bump into the rock wall.
Something hits you.
* * * LOW HITPOINT WARNING * * *
You miss something.
An orc wizard appears from thin air!
Reactivating autopickup.
The orc wizard hits you but does no damage.
The orc wizard completely misses you.
You feel less confused.
The orc wizard hits you with a +0 dagger.
* * * LOW HITPOINT WARNING * * *
Casting: Sandblast (safe; 2% risk of failure)
Confirm with . or Enter, or press ? or * to list all spells.
Aiming: Sandblast (safe; 2% risk of failure)
Press: ? - help, Shift-Dir - straight line, f/p - orc wizard
Aim: an orc wizard, wielding a +0 dagger and wearing a +0 robe (lightly wounded, 74% to hit)
The blast of sand hits the orc wizard but does no damage.
The orc wizard is lightly wounded.
The orc wizard hits you but does no damage.
The orc wizard misses you.
Casting: Sandblast (safe; 2% risk of failure)
Confirm with . or Enter, or press ? or * to list all spells.
Aiming: Sandblast (safe; 2% risk of failure)
Press: ? - help, Shift-Dir - straight line, f/p - orc wizard
Aim: an orc wizard, wielding a +0 dagger and wearing a +0 robe (lightly wounded, 74% to hit)
The blast of sand hits the orc wizard.
The orc wizard is heavily wounded.
The orc wizard hits you but does no damage.
The orc wizard gestures at you while chanting.
The magic dart hits you.
You die...

...........<..)......#
.....................# ..
#####...÷..).........###.#.
##..[............#.....
######..................#.#
#.....................)....
..######.........)....)....
### #######..#o##..).... ##
########...@)...^..... .#
#..........########...
.#####.####......# .......#
#.....## .####### #.....#
.# #.....# .# #.....# .#
#<....# ## #######


You could see an orc wizard.

Vanquished Creatures
  3 adders
  A white imp (D:3)
  A worm (D:2)
  A dart slug (D:1)
  9 orcs (D:3)
  4 ball pythons
  4 bats
  3 endoplasms
  3 goblins
  4 hobgoblins
  4 jackals (D:2)
  A quokka (D:2)
  4 frilled lizards
  4 kobolds
  3 rats
49 creatures vanquished.

Notes
Turn   | Place    | Note
-------+----------+-------------------------------------------
     0 | D:1      | funkygono the Gargoyle Earth Elementalist began the quest
                  | for the Orb.
     0 | D:1      | Reached XP level 1. HP: 10/10 MP: 3/3
   147 | D:1      | Reached skill level 4 in Earth Magic
   247 | D:1      | Reached XP level 2. HP: 15/15 MP: 0/5
   350 | D:1      | Found a faded altar of an unknown god.
   395 | D:1      | Reached skill level 1 in Transmutations
   796 | D:2      | Learned a level 2 spell: Passwall
  1022 | D:2      | Reached XP level 3. HP: 19/19 MP: 4/6
  1050 | D:2      | Learned a level 3 spell: Stone Arrow
  1801 | D:3      | Reached XP level 4. HP: 24/24 MP: 6/8
  2215 | D:3      | Killed from afar by an orc wizard

Illustrated notes

Levels and vault maps discovered:
D:1:      dpeg_arrival_simpleton_a, layout_basic,
          hellmonk_ecumenical_altar_arch_garden
D:2:      layout_loops_ring
D:3:      layout_rooms

Skill      XL: |  1  2  3 |
---------------+----------+-----
Earth Magic    | 4 |  4.8
Transmutations | 1 |  1.0
Spellcasting   | 3 |  3.2
Fighting       | |  0.4
Maces & Flails | |  0.6
Dodging        | |  1.7
Stealth        | |  2.1

Action                   |  1- 3 |  4- 6 || total
-------------------------+-------+-------++-------
Melee: Mace              |    27 |     7 ||    34
       Morningstar       |       |    32 ||    32
 Cast: Sandblast         |    39 |    27 ||    66
Armor: Robe              |    31 |    34 ||    65
Dodge: Dodged            |    32 |    30 ||    62

Table legend: (Time is in decaauts)
 A = Elapsed time spent in this place.
 B = Non-inter-level travel time spent in this place.
 C = Inter-level travel time spent in this place.
 D = Time resting spent in this place.
 E = Time spent auto-exploring this place.
 F = Levels seen in this place.
 G = Mean time per level.
                   A        B        C        D        E       F      G
               +--------+--------+--------+--------+--------+-----+--------+
         Total |   2308 |   2299 |      9 |      0 |   1854 |   3 |  769.3 |
       Dungeon |   2308 |   2299 |      9 |      0 |   1854 |   3 |  769.3 |
               +--------+--------+--------+--------+--------+-----+--------+

Top non-repeatable levels by time:
     D:2: 969 daAuts
     D:1: 797 daAuts
     D:3: 541 daAuts
